Map: Ever Dream LE

Players

TheShiftyGry

  • Race: Protoss Protoss
  • League: Platinum
  • Spawn Location: 1:00

Iceweaver - Winner!

  • Race: Zerg Zerg
  • League: Gold
  • Spawn Location: 7:00

VOD

Have the link to the VOD?

Description

Time

  • Played on: June 28, 2020, 7:53 a.m.
  • Length: 29:49
Show
View Real Time Build Order
Export as new Build Order

TheShiftyGry Protoss 

Build Orders:  

Get SALT Encoding   

  1  0:00  Probe  
  12  0:05  Probe  
  14  0:15  Probe  
  15  0:25  Pylon  
  15  0:43  Pylon, Probe  
  16  0:55  Probe  
  17  1:05  Gateway  
  17  1:07  Gateway  
  17  1:14  Gateway  
  17  1:21  Pylon  
  17  1:32  Pylon  
  17  1:42  Forge  
  17  1:46  Pylon  
  17  1:53  Zealot  
  19  1:54  Zealot  
  19  1:55  Zealot  
  23  2:19  Zealot  
  23  2:20  Zealot  
  23  2:22  Zealot  
  29  2:46  Zealot  
  29  2:47  Zealot  
  29  2:49  Zealot  
  33  3:13  Zealot  
  33  3:14  Zealot  
  33  3:16  Zealot  
  29  3:40  Zealot  
  25  3:41  Zealot  
  25  3:43  Zealot  
  29  4:07  Zealot  
  29  4:08  Zealot  
  27  4:10  Zealot  
  27  4:15  Photon Cannon  
  29  4:17  Cybernetics Core  
  29  4:23  Photon Cannon  
  29  4:31  Gateway  
  29  4:35  Assimilator  
  29  4:37  Probe  
  29  4:40  Assimilator  
  29  4:45  Probe  
  29  4:55  Probe  
  30  5:04  Zealot  
  30  5:05  Zealot  
  32  5:07  Zealot, Probe  
  33  5:21  Warp Gate  
  27  5:42  Pylon  
  27  5:49  Nexus  
  33  6:13  Stargate  
  21  6:27  Pylon  
  21  6:34  Stargate  
  21  6:36  Pylon  
  21  6:39  Photon Cannon  
  21  6:47  Gateway  
  21  7:05  Photon Cannon  
  21  7:12  Pylon  
  21  7:15  Stalker  
  23  7:24  Void Ray  
  27  7:41  Stalker  
  27  7:43  Stalker  
  31  7:52  Void Ray  
  31  8:03  Probe  
  35  8:12  Probe  
  37  8:22  Probe  
  38  8:33  Probe  
  39  8:36  Void Ray  
  39  8:41  Probe  
  44  8:49  Probe  
  45  9:00  Probe  
  45  9:01  Void Ray  
  46  9:04  Photon Cannon  
  50  9:22  Void Ray  
  54  9:46  Void Ray  
  54  9:54  Assimilator  
  58  10:09  Probe  
  59  10:16  Void Ray  
  59  10:17  Probe  
  64  10:23  Void Ray  
  64  10:24  Zealot  
  64  10:25  Zealot  
  72  10:40  Pylon  
  72  10:51  Void Ray  
  72  11:01  Void Ray  
  72  11:03  Assimilator  
  76  11:07  Pylon  
  80  11:34  Void Ray  
  84  11:47  Void Ray  
  88  12:02  Stalker  
  88  12:03  Stalker  
  92  12:09  Photon Cannon  
  92  12:13  Probe  
  93  12:25  Probe  
  72  14:02  Stalker  
  72  14:05  Void Ray  
  72  14:07  Void Ray  
  68  14:30  Stalker x2  
  72  14:38  Void Ray  
  68  14:40  Void Ray, Stargate  
  76  15:21  Void Ray  
  80  15:23  Void Ray  
  84  15:35  Fleet Beacon  
  80  15:56  Stalker  
  82  15:57  Stalker  
  82  16:04  Void Ray  
  88  16:06  Void Ray  
  42  17:37  Nexus  
  42  17:41  Pylon  
  42  17:45  Pylon  
  42  17:59  Carrier  
  48  18:46  Carrier  
  36  19:06  Probe  
  43  19:14  Probe  
  43  19:18  Forge  
  43  19:21  Gateway  
  43  19:22  Gateway  
  43  19:23  Probe  
  45  19:35  Probe  
  45  19:37  Carrier  
  46  19:43  Pylon  
  46  19:47  Probe  
  46  19:50  Pylon  
  53  19:53  Photon Cannon  
  53  19:56  Probe  
  54  20:04  Photon Cannon  
  54  20:05  Probe  
  54  20:07  Assimilator  
  54  20:14  Probe  
  55  20:16  Gateway  
  56  20:23  Photon Cannon  
  56  20:26  Probe  
  57  20:31  Carrier  
  57  20:35  Zealot  
  59  20:38  Zealot, Probe  
  68  20:48  Probe  
  68  20:56  Probe  
  69  20:59  Zealot  
  69  21:00  Zealot  
  74  21:04  Probe  
  75  21:23  Pylon  
  75  21:28  Carrier  
  75  21:33  Pylon  
  75  21:36  Pylon  
  81  21:51  Void Ray x2  
  89  21:58  Probe, Pylon  
  89  22:06  Probe  
  91  22:15  Carrier  
  91  22:17  Pylon  
  91  22:18  Photon Cannon  
  91  22:36  Zealot  
  99  22:46  Photon Cannon  
  99  22:49  Zealot  
  101  22:53  Zealot  
  103  23:10  Carrier  
  108  23:26  Zealot  
  110  23:33  Pylon  
  110  23:46  Pylon  
  110  23:47  Pylon  
  110  23:49  Photon Cannon  
  110  24:01  Carrier  
  110  24:05  Zealot x3  
  110  24:09  Protoss Ground Weapons Level 1  
  116  24:11  Gateway  
  122  24:48  Nexus  
  122  24:51  Zealot  
  124  24:53  Carrier  
  124  24:54  Sentry  
  124  24:56  Sentry  
  128  25:05  Pylon  
  134  25:16  Pylon  
  134  25:27  Assimilator  
  134  25:28  Zealot x2  
  136  25:34  Pylon  
  138  25:52  Carrier  
  138  25:53  Sentry x2  
  138  25:54  Sentry  
  150  26:30  Zealot  
  150  26:31  Zealot x2  
  114  27:18  Stalker x2  
  114  27:19  Stalker  
  114  27:21  Stalker  
  92  27:47  Stalker x2  
  92  27:48  Stalker x2  
  88  27:59  Carrier  
  72  28:14  Stalker  
  72  28:15  Stalker x2  
  70  28:41  Stalker x2  
  74  28:48  Pylon  
  74  28:53  Probe  
  75  29:05  Probe  
  75  29:08  Stalker  
  78  29:14  Stalker  
  80  29:22  Zealot  
  80  29:34  Zealot  
  80  29:35  Sentry  
Show
View Real Time Build Order
Export as new Build Order

Iceweaver Zerg - Winner!

Build Orders: Hatch First 

Get SALT Encoding   

  12  0:05  Drone  
  13  0:12  Overlord  
  13  0:19  Drone  
  14  0:31  Drone  
  14  0:32  Drone  
  16  0:38  Drone  
  17  0:56  Drone  
  18  0:59  Hatchery  
  18  1:01  Drone  
  18  1:09  Extractor  
  17  1:15  Spawning Pool  
  17  1:17  Drone  
  17  1:23  Drone  
  18  1:32  Drone  
  19  1:45  Drone  
  20  1:53  Overlord  
  20  2:04  Queen  
  22  2:11  Queen  
  22  2:15  Zergling x4  
  26  2:22  Drone x2  
  28  2:31  Metabolic Boost  
  28  2:46  Queen  
  30  2:52  Drone x5  
  35  3:04  Zergling x2  
  35  3:05  Zergling x4  
  36  3:19  Overlord x2  
  33  3:38  Hatchery  
  33  3:40  Zergling x2  
  33  3:41  Zergling x4  
  27  4:06  Queen  
  29  4:16  Spine Crawler  
  28  4:18  Zergling x2  
  28  4:19  Zergling x4  
  30  4:35  Zergling x6  
  28  4:56  Zergling x4  
  30  5:06  Queen  
  26  5:09  Zergling x2  
  26  5:10  Spine Crawler, Zergling x4  
  30  5:17  Queen  
  24  5:37  Drone  
  24  5:39  Zergling x6  
  24  5:40  Zergling x6  
  31  5:54  Spine Crawler x2  
  29  6:05  Roach Warren  
  28  6:17  Zergling x2  
  28  6:18  Zergling x10  
  33  6:28  Drone  
  33  6:29  Drone  
  35  6:38  Drone  
  35  6:39  Drone x4  
  40  6:52  Overlord x2  
  40  6:53  Overlord  
  40  7:08  Spore Crawler  
  40  7:10  Spore Crawler  
  38  7:23  Hatchery  
  37  7:37  Queen  
  37  7:39  Roach  
  37  7:42  Drone x2  
  43  7:54  Overlord  
  43  7:57  Drone  
  43  7:58  Drone x2  
  46  8:18  Lair  
  46  8:33  Baneling Nest  
  46  8:34  Drone x2  
  47  8:35  Drone x2  
  47  8:36  Drone x5  
  47  8:40  Extractor  
  53  8:43  Roach  
  53  8:44  Roach  
  57  8:59  Evolution Chamber  
  56  9:04  Evolution Chamber  
  55  9:10  Queen  
  55  9:14  Drone  
  55  9:15  Drone x2  
  60  9:18  Drone x5  
  60  9:19  Drone  
  60  9:24  Roach  
  68  9:41  Zerg Missile Weapons Level 1, Zerg Ground Armor Level 1  
  68  9:42  Glial Reconstitution  
  67  9:57  Drone x6  
  67  9:59  Roach x2  
  81  10:00  Roach x2  
  81  10:02  Overlord x2  
  81  10:07  Overseer  
  81  10:08  Overseer x2  
  81  10:12  Pneumatized Carapace  
  81  10:33  Zergling x2  
  81  10:34  Zergling x2  
  81  10:35  Zergling x10  
  88  10:37  Roach  
  88  10:38  Roach x3  
  96  10:45  Overlord x2  
  96  10:46  Overlord x3  
  96  10:56  Ravager  
  97  11:12  Roach  
  97  11:13  Roach x12  
  123  11:32  Ravager  
  124  11:33  Ravager x4  
  124  11:34  Ravager  
  129  11:44  Zergling x10  
  129  11:45  Zergling x6  
  137  11:52  Overlord x7  
  137  11:59  Overseer  
  137  12:05  Baneling, Hatchery  
  137  12:06  Baneling x4  
  136  12:10  Extractor  
  136  12:11  Drone x2  
  136  12:12  Extractor  
  136  12:13  Drone x3  
  136  12:14  Drone  
  136  12:15  Drone x2  
  142  12:18  Zergling x2  
  142  12:19  Zergling x2  
  144  12:24  Baneling x3  
  144  12:25  Baneling  
  144  12:39  Spore Crawler  
  144  12:40  Spore Crawler  
  135  13:01  Spore Crawler  
  134  13:21  Hatchery  
  111  14:16  Spore Crawler  
  110  14:17  Spore Crawler  
  109  14:25  Spore Crawler  
  109  14:26  Spore Crawler  
  109  14:27  Spore Crawler  
  109  14:28  Baneling x13  
  106  14:40  Spore Crawler x2  
  106  14:45  Spore Crawler  
  103  14:54  Overlord x2  
  103  14:55  Overlord  
  103  15:10  Hatchery  
  99  15:27  Lair  
  99  15:44  Overlord  
  99  15:45  Overlord x2  
  99  15:57  Spawning Pool  
  99  16:04  Baneling x5  
  88  16:20  Queen  
  38  17:32  Spore Crawler  
  38  17:33  Spore Crawler  
  38  17:34  Spore Crawler  
  32  17:41  Zergling x12  
  19  18:04  Hatchery  
  18  18:22  Drone x3  
  20  19:06  Spawning Pool  
  19  19:10  Drone x2  
  21  19:51  Drone  
  21  19:52  Drone x6  
  24  20:07  Lair  
  24  20:18  Drone x2  
  26  20:39  Drone  
  26  20:40  Drone x6  
  33  21:00  Drone  
  33  21:01  Drone x7  
  41  21:11  Spire  
  40  21:35  Extractor  
  40  21:38  Queen  
  40  21:39  Hatchery, Drone x3, Extractor  
  42  21:46  Drone x3  
  45  21:49  Drone  
  46  22:03  Drone  
  47  22:12  Zergling x2  
  47  22:13  Zergling x6  
  51  22:16  Overlord  
  51  22:17  Overlord x2  
  51  22:38  Hatchery  
  50  22:51  Corruptor x6, Extractor  
  50  22:53  Extractor  
  52  23:22  Corruptor x3  
  58  23:40  Drone x8  
  58  23:41  Drone x2  
  68  23:47  Zerg Flyer Armor Level 1  
  68  23:48  Corruptor  
  70  24:04  Corruptor  
  72  24:10  Drone, Extractor x2  
  72  24:11  Drone  
  72  24:12  Drone  
  72  24:13  Drone x2  
  75  24:17  Drone  
  75  24:18  Drone x6  
  83  24:24  Drone x3  
  85  24:38  Corruptor  
  85  24:43  Overlord x2  
  85  24:44  Overlord x5  
  85  24:45  Overlord  
  87  25:01  Queen x2  
  91  25:09  Overlord  
  91  25:11  Corruptor  
  91  25:12  Corruptor  
  95  25:14  Hatchery  
  94  25:23  Zergling x2  
  95  25:42  Zerg Flyer Weapons Level 1  
  95  25:56  Roach Warren  
  94  25:59  Corruptor x3  
  94  26:00  Corruptor x7  
  114  26:09  Drone  
  114  26:10  Drone x7  
  122  26:25  Drone  
  122  26:26  Drone x7  
  122  26:28  Corruptor  
  122  26:29  Corruptor  
  134  26:38  Roach x4  
  134  27:04  Corruptor x4  
  134  27:05  Corruptor x3  
  124  27:23  Roach  
  124  27:24  Roach x10  
  124  27:27  Zergling x2  
  124  27:28  Zergling x6  
  147  27:47  Roach x6  
  157  28:05  Hatchery  
  140  28:21  Roach x9  
  140  28:24  Overlord x6  
  156  28:41  Roach  
  156  28:42  Roach  
  160  28:59  Drone  
  160  29:00  Drone x10  
  171  29:05  Ravager x14  
  171  29:06  Ravager x11  
  196  29:23  Evolution Chamber  
  195  29:28  Evolution Chamber  
  195  29:29  Extractor  
  195  29:30  Extractor  
Tags
 
Add a new tag
Caveats
  • Supply blocks, unpowered buildings, or Contaminate may cause inaccurate times.
  • Supply counts are checked every 10 seconds.